 Dungeon Crawl Stone Soup version 0.18.1-8-gdd0e5ea (webtiles) character file.

88 Shtopit the Shield-Bearer (level 4, -6/37 HPs)
             Began as a Formicid Fighter on May 30, 2016.
             Mangled by an ice beast (8 damage)
             ... on level 3 of the Dungeon.
             The game lasted 00:05:03 (2062 turns).

Shtopit the Shield-Bearer (Formicid Fighter)        Turns: 2062, Time: 00:05:04

Health: -6/37      AC:  7    Str: 22    XL:     4   Next: 81%
Magic:  4/4        EV:  8    Int:  7    God:
Gold:   72         SH: 10    Dex: 10    Spells: 0 memorised, 3 levels left

rFire  . . .     SeeInvis +     a - +0 long sword
rCold  . . .     Gourm    .     b - +0 scale mail
rNeg   . . .     Faith    .     c - +0 shield
rPois  .         Spirit   .     (helmet unavailable)
rElec  .         Dismiss  .     (no cloak)
rCorr  .         Reflect  .     (no gloves)
SustAt .         Harm     .     (no boots)
MR     .....                    (no amulet)
Stlth  ..........               (no ring)
                                (no ring)

@: not resistant to hostile enchantments, extremely unstealthy
A: permanent stasis, dig shafts and tunnels, four strong arms, antennae 3
a: Dig, Shaft Self


You were on level 3 of the Dungeon.
You were not hungry.

You visited 1 branch of the dungeon, and saw 3 of its levels.

You collected 72 gold pieces.

Inventory:

Hand Weapons
 a - a +0 long sword (weapon)
Missiles
 j - 26 bolts
 r - 5 curare-tipped needles
Armour
 b - a +0 scale mail (worn)
 c - a +0 shield (worn)
Jewellery
 k - a cursed amulet of inaccuracy {unknown}
Scrolls
 g - a scroll of identify
 h - 3 scrolls of teleportation {unknown}
 i - a scroll of immolation
Potions
 d - 3 potions of might
 e - a potion of flight {unknown}
 l - a potion of lignification {unknown}
 m - a potion of haste {unknown}
 q - a potion of heal wounds {unknown}
Comestibles
 f - 4 bread rations
 n - a beef jerky
 o - 4 chunks of flesh
 p - a meat ration
 s - a royal jelly


   Skills:
 + Level 3.9 Fighting
 + Level 2.2 Long Blades
 + Level 3.7 Armour
 + Level 1.0 Dodging
 + Level 4.8 Shields


You had 3 spell levels left.
You didn't know any spells.

Dungeon Overview and Level Annotations

Branches:
Dungeon (3/15)

Altars:
Fedhas
Zin


Innate Abilities, Weirdness & Mutations

You are under a permanent stasis effect.
You can dig through walls and to a lower floor.
Your four strong arms can wield two-handed weapons with a shield.
You have a pair of large antennae on your head (SInv).


Message History

The ice beast hits you but does no damage.
You barely miss the ice beast.
The ice beast is moderately wounded.
The ice beast hits you. The ice beast freezes you!
You barely miss the ice beast.
The ice beast is moderately wounded.
The ice beast hits you. The ice beast freezes you!
* * * LOW HITPOINT WARNING * * *
The ice beast barely misses you.
Drink which item? (? for menu, Esc to quit)
Okay, then.
Read which item? (? for menu, Esc to quit)
As you read the scroll labeled IKKAIL JONY, it crumbles to dust.
It is a scroll of identify.
Identify which item? (\ to view known items) (? for menu, Esc to quit)
i - a scroll of immolation The ice beast hits you.
* * * LOW HITPOINT WARNING * * *
The ice beast freezes you!
You die...

####.)#######
#######............
............######
######.##รท##
#.##.#
#########.##.#
.............#
##.#####..#..#
#####..#@.#
#.......Y.#
#.###..#.## #..#.#
#..#.# #..#.#
####.# #.# #<#


You could see an ice beast.

Vanquished Creatures
  A worm (D:2)
  3 dart slugs
  3 giant geckos
  A ball python (D:2)
  15 bats
  3 giant cockroaches
  7 goblins
  8 hobgoblins
  2 jackals (D:2)
  7 kobolds
  A quokka (D:2)
  5 giant newts
  14 rats
70 creatures vanquished.

Notes
Turn   | Place    | Note
--------------------------------------------------------------
     0 | D:1      | Shtopit the Formicid Fighter began the quest for the Orb.
     0 | D:1      | Reached XP level 1. HP: 18/18 MP: 1/1
   118 | D:1      | Reached XP level 2. HP: 23/24 MP: 2/2
   210 | D:1      | Reached skill level 4 in Shields
   302 | D:1      | Reached XP level 3. HP: 26/29 MP: 3/3
   896 | D:2      | Reached XP level 4. HP: 31/37 MP: 4/4
  1105 | D:2      | Found a blossoming altar of Fedhas.
  1256 | D:2      | Reached skill level 1 in Dodging
  1840 | D:3      | Found a glowing silver altar of Zin.
  2051 | D:3      | Noticed an ice beast
  2062 | D:3      | Mangled by an ice beast

Skill      XL: |  1  2  3  4 |
---------------+-------------+-----
Shields        | 4 |  4.8
Dodging        | 1 |  1.0
Fighting       | |  3.9
Long Blades    | |  2.2
Armour         | |  3.7

Action                   |  1- 3 |  4- 6 || total
-------------------------+-------+-------++-------
Melee: Long sword        |   118 |   100 ||   218
  Use: Scroll            |       |     1 ||     1
  Eat: Chunk             |       |     4 ||     4
Armor: Scale mail        |    47 |    47 ||    94
Dodge: Dodged            |    38 |    33 ||    71
Block: Shield            |    63 |    60 ||   123
